 Dungeon Crawl Stone Soup version 0.24-a0-264-gf46a388 (webtiles) character file.

Game seed: 6712454188964228375

204 mopl the Bolt Thrower (level 6, -1/49 HPs)
             Began as a Formicid Hunter on Apr 19, 2019.
             Slain by an iguana (7 damage)
             ... on level 4 of the Dungeon.
             The game lasted 00:04:36 (3471 turns).

mopl the Bolt Thrower (Formicid Hunter)             Turns: 3471, Time: 00:04:36

Health: -1/49      AC:  8    Str: 19    XL:     6   Next: 9%
Magic:  6/6        EV:  7    Int: 10    God:
Gold:   117        SH:  3    Dex: 11    Spells: 5/5 levels left

rFire    + . .     SeeInvis +   e - +0 whip (curse)
rCold    . . .     Gourm    .   p - +0 buckler (curse)
rNeg     . . .     Faith    .   q - +0 chain mail
rPois    .         Spirit   .   (helmet unavailable)
rElec    .         Reflect  .   (no cloak)
rCorr    .         Harm     .   (no gloves)
MR       .....                  (no boots)
Stlth    ..........             (no amulet)
HPRegen  0.16/turn              l - ring of protection from fire
MPRegen  0.10/turn              (no ring)

@: no status effects
A: permanent stasis, dig shafts and tunnels, four strong arms, antennae 3
a: Dig, Shaft Self


You were on level 4 of the Dungeon.
You were not hungry.

You visited 1 branch of the dungeon, and saw 4 of its levels.

You collected 117 gold pieces.

Inventory:

Hand Weapons
 a - a +1 hand crossbow
 b - a +0 short sword
 e - a cursed +0 whip (weapon)
Missiles
 d - 40 bolts
 h - 13 poisoned needles
Armour
 p - a cursed +0 buckler (worn)
 q - a +0 chain mail (worn)
Jewellery
 l - a ring of protection from fire (left hand)
Scrolls
 c - a scroll of remove curse {unknown}
 g - 2 scrolls of random uselessness {unknown}
 j - a scroll of enchant weapon {unknown}
 m - 2 scrolls of identify {unknown}
 n - 2 scrolls of immolation {unknown}
 o - a scroll of magic mapping {unknown}
 u - a scroll of blinking {unknown}
Potions
 i - a potion of resistance {unknown}
 k - a potion of lignification {unknown}
 r - a potion of flight {unknown}
 t - 2 potions of degeneration {unknown}
 v - a potion of ambrosia {unknown}
Comestibles
 f - 6 rations
 s - 8 chunks of flesh


   Skills:
 + Level 4.7 Fighting
 + Level 5.6 Crossbows
 - Level 1.7 Dodging
 - Level 1.2 Stealth


You had 5 spell levels left.
You didn't know any spells.
Your spell library was empty.

Dungeon Overview and Level Annotations

Branches:
Dungeon (4/15)
 Temple: D:4-7

Altars:

Annotations:
D:2 Sigmund


Innate Abilities, Weirdness & Mutations

You cannot be hasted, slowed, berserked, paralysed or teleported.
You can dig through walls and to a lower floor.
Your four strong arms can wield two-handed weapons with a shield.
You have a pair of large antennae on your head. (SInv)


Message History

* * * LOW HITPOINT WARNING * * *
You whack the iguana!
The iguana is severely wounded.
The iguana bites you but does no damage.
You closely miss the iguana.
The iguana is severely wounded.
The iguana bites you!
* * * LOW HITPOINT WARNING * * *
You hit the iguana but do no damage.
The iguana is severely wounded.
The iguana bites you but does no damage.
The iguana closely misses you.
You hit the iguana.
The iguana is almost dead.
The iguana bites you.
* * * LOW HITPOINT WARNING * * *
You see here a chain mail.
The iguana hisses menacingly.
The iguana bites you!
You die...

####### #.....#
#.....# #.....#
#...).#
##.....##
#..[...<# #
#l####..#.#
#@####..#.#
#.##......#
#.#.##.##.#..###
#.............#
#.............#
.....>..##.#.##
...........#.#
#.......#....#
#.......#....#


You could see an iguana.

Vanquished Creatures
  A jelly (D:3)
  3 orc wizards
  3 adders (D:3)
  A worm (D:2)
  3 dart slugs
  9 orcs
  6 bats
  2 giant cockroaches
  2 goblins
  4 hobgoblins
  9 jackals
  A ball python (D:3)
  A frilled lizard (D:2)
  6 kobolds
  3 rats
54 creatures vanquished.

Notes
Turn   | Place    | Note
-------+----------+-------------------------------------------
     0 | D:1      | mopl the Formicid Hunter began the quest for the Orb.
     0 | D:1      | Reached XP level 1. HP: 16/16 MP: 1/1
    67 | D:1      | Reached XP level 2. HP: 12/23 MP: 2/2
  1459 | D:2      | Reached skill level 3 in Fighting
  1459 | D:2      | Reached XP level 3. HP: 29/29 MP: 3/3
  1460 | D:2      | Noticed Sigmund
  1933 | D:2      | Reached XP level 4. HP: 20/36 MP: 4/4
  2453 | D:3      | Reached skill level 4 in Fighting
  2453 | D:3      | Reached skill level 5 in Crossbows
  2453 | D:3      | Reached XP level 5. HP: 10/42 MP: 5/5
  3410 | D:4      | Reached XP level 6. HP: 43/49 MP: 6/6
  3471 | D:4      | Slain by an iguana

Levels and vault maps discovered:
D:1:      dpeg_arrival_shelter, layout_rooms, grunt_decor_clamped, minivault_23,
          lemuel_old_faithful
D:2:      layout_basic, uniq_sigmund
D:3:      layout_rooms
D:4:      layout_loops_cross, first_ration, gammafunk_ghost_grave

Skill      XL: |  1  2  3  4 |
---------------+-------------+-----
Fighting       | 3 4 |  4.7
Crossbows      | 5 |  5.6
Dodging        | |  1.7
Stealth        | |  1.2

Action                   |  1- 3 |  4- 6 || total
-------------------------+-------+-------++-------
Melee: Short sword       |    20 |       ||    20
       Whip              |   170 |   195 ||   365
 Abil: Dig               |     1 |     2 ||     3
  Eat: Chunk             |     3 |     6 ||     9
Armor: Leather armour    |    16 |       ||    16
       Chain mail        |    63 |   109 ||   172
Dodge: Dodged            |    86 |    68 ||   154
Block: Buckler           |    11 |    29 ||    40

Table legend:
 A = Non-vault XP
 B = Vault XP
 C = Vault XP percentage of total XP
 D = Non-vault monster count
 E = Vault monster count
 F = Vault count percentage of total count
                 A         B        C        D         E       F
            +---------+---------+-------+---------+---------+-------
      Total |     292 |       0 |   0.0 |      54 |       0 |   0.0
            +---------+---------+-------+---------+---------+-------
        D:1 |      26 |       0 |   0.0 |      14 |       0 |   0.0
        D:2 |      66 |       0 |   0.0 |      12 |       0 |   0.0
        D:3 |     165 |       0 |   0.0 |      27 |       0 |   0.0
        D:4 |      35 |       0 |   0.0 |       1 |       0 |   0.0
            +---------+---------+-------+---------+---------+-------
